 Dungeon Crawl Stone Soup version 0.19.0-22-gd96e5fe (webtiles) character file.

793 Ice the Skirmisher (level 7, -2/91 HPs)
             Began as a Minotaur Abyssal Knight on Nov 18, 2016.
             Was a Priest of Lugonu.
             Slain by AVeryAngryQuokka's ghost (5 damage)
             ... on level 4 of the Dungeon.
             The game lasted 00:21:27 (2796 turns).

Ice the Skirmisher (Minotaur Abyssal Knight)        Turns: 2796, Time: 00:21:28

Health: -2/91      AC: 30    Str: 17    XL:     7   Next: 57%
Magic:  7/7        EV:  2    Int:  9    God:    Lugonu [***...]
Gold:   222        SH:  0    Dex: 11    Spells: 0 memorised, 6 levels left

rFire  . . .     SeeInvis .     w - +0 scythe (protect)
rCold  . . .     Gourm    .     (armour currently unavailable)
rNeg   + + +     Faith    .     (shield currently unavailable)
rPois  +         Spirit   .     (helmet currently unavailable)
rElec  .         Reflect  .     (cloak currently unavailable)
rCorr  .         Harm     .     (gloves currently unavailable)
MR     .....     NoTele   +     (boots currently unavailable)
Stlth  +.........               (no amulet)
                                (no ring)
                                (no ring)

@: tree-form, protection aura, very slightly contaminated, invisible
A: (retaliatory headbutt), (horns 0)
a: Depart the Abyss, Bend Space, Banish, Renounce Religion


You were on level 4 of the Dungeon.
You worshipped Lugonu.
Lugonu was most pleased with you.
You were not hungry.
You were a tree.
You visited 1 branch of the dungeon, and saw 4 of its levels.
You visited the Abyss 1 time.

You collected 222 gold pieces.

Inventory:

Hand Weapons
 k - a +0 hunting sling
 t - a +0 long sword
 w - a +0 scythe of protection (weapon)
Missiles
 f - 235 stones (quivered)
 n - 4 sling bullets
 q - 29 arrows
 A - 23 bolts
Armour
 b - a +0 leather armour (melded)
 B - a cursed -2 pair of gloves (melded)
Wands
 y - a wand of acid (5/15)
Scrolls
 a - 2 scrolls of blinking
 g - a scroll of recharging {unknown}
 i - a scroll of random uselessness {unknown}
 l - a scroll of noise {unknown}
 o - 2 scrolls of amnesia
 v - a scroll of teleportation {unknown}
Potions
 e - a potion of mutation {unknown}
 h - 2 potions of brilliance
 m - a potion of lignification
 p - a potion of resistance
 r - 2 potions of curing {unknown}
 x - a potion of beneficial mutation {unknown}
 z - a potion of flight {unknown}
Comestibles
 c - a bread ration
 d - 7 chunks of flesh
 j - 3 slices of pizza
 u - a royal jelly
 C - 4 fruits


   Skills:
 - Level 5.0 Fighting
   Level 5.0(5.2) Short Blades
 - Level 2.0(4.0) Long Blades
   Level 2.4(3.0) Axes
 + Level 2.6(3.1) Polearms
 - Level 4.7 Slings
 - Level 2.4 Armour
 - Level 3.4 Dodging
 - Level 1.7 Invocations


You had 6 spell levels left.
You didn't know any spells.

Dungeon Overview and Level Annotations

Branches:
Dungeon (4/15)
 Temple: D:4-7

Altars:
Kikubaaqudgha
Zin

Shops:
D:4 :

Annotations:
D:4 AVeryAngryQuokka's ghost, amateur TeAK


Innate Abilities, Weirdness & Mutations

((You reflexively headbutt those who attack you in melee.))
((You have a pair of horns on your head.))


Message History

AVeryAngryQuokka's ghost hits you!
* * * LOW HITPOINT WARNING * * *
You barely miss AVeryAngryQuokka's ghost.
AVeryAngryQuokka's ghost is moderately damaged.
AVeryAngryQuokka's ghost hits you but does no damage. x2
You hit AVeryAngryQuokka's ghost.
Your weapon exudes an aura of protection.
AVeryAngryQuokka's ghost is moderately damaged.
AVeryAngryQuokka's ghost hits you!
* * * LOW HITPOINT WARNING * * *
AVeryAngryQuokka's ghost hits you but does no damage.
You fade into invisibility!
AVeryAngryQuokka's ghost hits you but does no damage.
You are very lightly contaminated with residual magic.
You strike the helpless AVeryAngryQuokka's ghost from behind!
You hit AVeryAngryQuokka's ghost but do no damage.
AVeryAngryQuokka's ghost is moderately damaged.
AVeryAngryQuokka's ghost hits you but does no damage.
AVeryAngryQuokka's ghost hits you.
You die...

#....# #....# .. #....# ..
#....### .. #......# ####
.# #....#.###..##### .#
...>............# .#
.....##........(###.####
.....##........)♣W)(((.#
.#####..#.....#..###.#(...
## #.######....# .. # # #.
......... ... # ##
#####..... ... . ###.##.
.. .. # .. .# ...# ### .#>
.... ########### ........


You could see AVeryAngryQuokka's ghost.

Vanquished Creatures
  Sigmund (D:4)
  The ghost of psychoDad the Conjurer, an amateur DgWz (D:3)
  3 vampire bats (D:3)
  An orc priest (D:3)
  A hound (D:4)
  3 orc wizards
  3 worker ants (D:4)
  Ijyb (D:3)
  An iguana (D:4)
  3 gnolls (D:3)
  7 adders
  3 worms
  3 dart slugs
  2 leopard geckos
  4 orcs
  5 bat skeletons (D:3)
  A bat zombie (D:3)
  2 giant cockroaches
  6 goblins
  8 hobgoblins
  3 ball pythons
  5 bats
  4 frilled lizards
  8 kobolds
  8 rats
87 creatures vanquished.

Notes
Turn   | Place    | Note
-------+----------+-------------------------------------------
     0 | Abyss:1  | Ice the Minotaur Abyssal Knight began the quest for the Orb.
     0 | Abyss:1  | Reached XP level 1. HP: 19/19 MP: 1/1
    31 | Abyss:1  | Found a radiant altar of Vehumet.
    52 | Abyss:1  | Noticed a blizzard demon
    52 | Abyss:1  | Noticed a small abomination
    52 | Abyss:1  | Noticed an ancient zyme
    53 | D:1      | Escaped the Abyss
   127 | D:1      | Reached * piety under Lugonu
   312 | D:1      | Reached XP level 2. HP: 25/28 MP: 2/2
   675 | D:1      | Reached skill level 5 in Fighting
   850 | D:2      | Reached XP level 3. HP: 24/36 MP: 3/3
   889 | D:2      | Reached skill level 1 in Short Blades
  1120 | D:2      | Reached ** piety under Lugonu
  1124 | D:2      | Found a faded altar of an unknown god.
  1251 | D:2      | Reached XP level 4. HP: 40/42 MP: 4/4
  1573 | D:2      | Found a glowing silver altar of Zin.
  1644 | D:3      | Noticed Ijyb
  1651 | D:3      | Killed Ijyb
  1926 | D:3      | Noticed psychoDad's ghost (amateur DgWz)
  1951 | D:3      | Killed psychoDad's ghost
  1951 | D:3      | Reached skill level 5 in Short Blades
  1951 | D:3      | Reached XP level 5. HP: 31/48 MP: 5/5
  2212 | D:3      | Found an ancient bone altar of Kikubaaqudgha.
  2219 | D:3      | Reached XP level 6. HP: 47/56 MP: 6/6
  2533 | D:4      | Reached *** piety under Lugonu
  2564 | D:4      | Noticed Sigmund
  2586 | D:4      | Killed Sigmund
  2586 | D:4      | Reached XP level 7. HP: 48/61 MP: 7/7
  2591 | D:4      | Reached skill level 1 in Long Blades
  2630 | D:4      | Reached skill level 1 in Polearms
  2686 | D:4      | Found Fezusisa's Book Shop.
  2783 | D:4      | Noticed AVeryAngryQuokka's ghost (amateur TeAK)
  2794 | D:4      | HP: 2/91 [AVeryAngryQuokka's ghost (9)]
  2796 | D:4      | Slain by AVeryAngryQuokka's ghost

Skill      XL: |  1  2  3  4  5  6  7 |
---------------+----------------------+-----
Fighting       | 4 5 |  5.0
Short Blades   | 2 5 |  5.0
Slings         | 2 4 |  4.7
Dodging        | 3 |  3.4
Long Blades    | 2 |  2.0
Polearms       | 2 |  2.6
Axes           | |  2.4
Armour         | |  2.4
Invocations    | |  1.7

Action                   |  1- 3 |  4- 6 |  7- 9 || total
-------------------------+-------+-------+-------++-------
Melee: Short sword       |    81 |    51 |       ||   132
       Hand axe          |     6 |       |       ||     6
       Headbutt          |    11 |    18 |     3 ||    32
       Long sword        |       |    37 |    13 ||    50
       Scythe            |       |       |    24 ||    24
 Fire: Hunting sling     |    15 |    63 |    18 ||    96
Throw: Stone             |    20 |     7 |     1 ||    28
Invok: Depart the Abyss  |     1 |       |       ||     1
  Use: Scroll            |       |     7 |       ||     7
       Potion            |       |       |     2 ||     2
 Stab: Invisible         |       |       |     1 ||     1
  Eat: Chunk             |     1 |     4 |     1 ||     6
Armor: Leather armour    |    30 |    41 |     9 ||    80
       Skin              |       |       |     7 ||     7
Dodge: Dodged            |    42 |    48 |    18 ||   108
       Rpst.: Long sword |       |     4 |     3 ||     7
